 Dungeon Crawl Stone Soup version 0.31-a0-889-g1a8549509d (webtiles) character file.

Game seed: 5212001273274180714

15 Kuronicle the Ruffian (level 2, -1/23 HPs)
             Began as a Demigod Shapeshifter on Oct 16, 2023.
             Slain by a quokka (3 damage)
             ... on level 1 of the Dungeon.
             The game lasted 00:00:37 (376 turns).

Kuronicle the Ruffian (Demigod Shapeshifter)         Turns: 376, Time: 00:00:38

Health: -1/23      AC:  2    Str: 15    XL:     2   Next: 21%
Magic:  4/4        EV: 12    Int: 18    God:
Gold:   70         SH:  0    Dex: 13    Spells: 1/1 levels left

rFire   . .          .
                       - Unarmed
rCold   . . .        (no shield)
rNeg    . . .        a - +0 animal skin
rPois   .            (helmet currently unavailable)
rElec   .            (cloak currently unavailable)
rCorr   .            (gloves currently unavailable)
SInv    .            (boots currently unavailable)
Will    .....        (no amulet)
Stlth   +            f - +6 ring of intelligence
HPRegen 0.23/turn    (no ring)
MPRegen 0.09/turn

%: no passive effects
@: beast-form
A: beast (slay +1), high MP 1, forlorn, divine attributes
a: Begin Untransformation


You were on level 1 of the Dungeon.
You were a hulking beast.
You visited 1 branch of the dungeon, and saw 1 of its levels.

You collected 70 gold pieces.

Inventory:

Armour
 a - a +0 animal skin (worn)
Jewellery
 f - a +6 ring of intelligence (left hand)
Talismans
 c - a beast talisman (active)
 d - a flux talisman
Scrolls
 e - a scroll of identify {unknown}
Potions
 b - a potion of lignification


   Skills:
 + Level 1.1 Fighting
 + Level 1.8 Dodging
 + Level 3.1 Unarmed Combat
 + Level 2.9 Shapeshifting


You had one spell level left.
You didn't know any spells.
Your spell library contained the following spells:

 Spells                   Type           Power      Damage    Failure   Level
 Ensorcelled Hibernation  Hex/Ice        0%         N/A       32%         2
 Jinxbite                 Hex            0%         N/A       32%         2
 Anguish                  Hex/Necr       0%         N/A       91%         4


Dungeon Overview and Level Annotations

Branches:
Dungeon (1/15)


Innate Abilities, Weirdness & Mutations

You are a hulking beast.
Your limbs bulge with bestial killing power. (Slay +1)
You have an increased reservoir of magic. (+10% MP)
You shall have no god before yourself.
Your divine heritage dramatically boosts your attributes as you level up.


Message History

The quokka bites you.
You miss the goblin. The goblin hits you with a +0 dagger.
The quokka barely misses you.
You barely miss the goblin. The goblin hits you with a +0 dagger.
The quokka closely misses you.
You closely miss the giant cockroach. The quokka bites you.
The giant cockroach bites you. The goblin hits you but does no damage.
You hit the endoplasm.
The endoplasm is moderately wounded.
The quokka bites you. The giant cockroach barely misses you.
The endoplasm freezes you.
You are frozen.
The goblin hits you with a +0 dagger.
You are too injured to fight recklessly!
You are too injured to fight recklessly!
You are too injured to fight recklessly!
You hit the endoplasm.
The endoplasm is almost dead.
The quokka barely misses you. The giant cockroach barely misses you.
The endoplasm freezes you.
You are frozen.
The goblin closely misses you.
You hit the endoplasm.
You kill the endoplasm!
The quokka closely misses you. The giant cockroach misses you.
The goblin closely misses you.
You hit the goblin.
You kill the goblin!
The quokka closely misses you. The giant cockroach closely misses you.
The quokka bites you.
* * * LOW HITPOINT WARNING * * *
The giant cockroach closely misses you. The quokka closely misses you.
The giant cockroach closely misses you.
You see here a +0 dagger.
You closely miss the quokka. The quokka bites you.
* * * LOW HITPOINT WARNING * * *
The giant cockroach misses you.
You miss the quokka. The quokka bites you.
* * * LOW HITPOINT WARNING * * *
The giant cockroach closely misses you.
You hit the quokka but do no damage. The quokka bites you.
You die...

#......#
#.....##....####.#.
######.#
#.....##.....รท...#.
### ####
#.....'.##+####....
.....#.....#.# ##...
.....#.....++## ###.
..!...........#.# ##
........).?.......
...............?..
......Bhr.........
..................
..(!...[......####
####..........#
#..........# ####
#..........# #....
##...####### #....
#...# #.... #....


You could see a quokka and a giant cockroach.

Vanquished Creatures
  3 endoplasms (D:1)
  A giant cockroach (D:1)
  2 goblins (D:1)
  2 hobgoblins (D:1)
  A kobold (D:1)
  2 frilled lizards (D:1)
  2 rats (D:1)
13 creatures vanquished.

Notes
Turn   | Place    | Note
-------+----------+-------------------------------------------
     0 | D:1      | Kuronicle the Demigod Shapeshifter began the quest for the
                  | Orb.
     0 | D:1      | Reached XP level 1. HP: 15/15 MP: 3/3
    71 | D:1      | Reached skill level 1 in Fighting
   309 | D:1      | Reached XP level 2. HP: 23/23 MP: 4/4
   345 | D:1      | Reached skill level 3 in Unarmed Combat
   375 | D:1      | HP: 1/23 [quokka (3)]
   376 | D:1      | Slain by a quokka

Illustrated notes

Levels and vault maps discovered:
D:1:      dpeg_arrival_rhombi, layout_basic

Skill      XL: |  1  2 |
---------------+-------+-----
Fighting       | 1 |  1.1
Unarmed Combat | 3 |  3.1
Dodging        | |  1.8
Shapeshifting  | |  2.9

Action                     || total
---------------------------++-------
  Melee: Unarmed           ||    44
         Punch             ||     1
 Armour: Animal skin       ||    19
  Dodge: Dodged            ||    35

Table legend: (Time is in decaauts)
 A = Elapsed time spent in this place.
 B = Non-inter-level travel time spent in this place.
 C = Inter-level travel time spent in this place.
 D = Time resting spent in this place.
 E = Time spent auto-exploring this place.
 F = Levels seen in this place.
 G = Mean time per level.
                   A        B        C        D        E       F      G
               +--------+--------+--------+--------+--------+-----+--------+
         Total |    372 |    372 |      0 |      0 |    279 |   1 |  372.0 |
       Dungeon |    372 |    372 |      0 |      0 |    279 |   1 |  372.0 |
               +--------+--------+--------+--------+--------+-----+--------+

Top non-repeatable levels by time:
     D:1: 372 daAuts
